 Dungeon Crawl Stone Soup version 0.23-a0-239-g84a5ed292d (webtiles) character file.

118766 Rrauwl the Bludgeoner (level 16, -6/149 HPs)
             Began as a Troll Monk on Sept 26, 2018.
             Was a High Priest of Okawaru.
             Mangled by a tyrant leech (24 damage)
             ... on level 2 of the Swamp.
             The game lasted 01:29:44 (22051 turns).

Rrauwl the Bludgeoner (Troll Monk)                 Turns: 22051, Time: 01:29:45

Health: -6/149     AC: 18    Str: 27    XL:     16   Next: 26%
Magic:  0/20       EV: 17    Int:  8    God:    Okawaru [*****.]
Gold:   2397       SH:  4    Dex: 15    Spells: 15/15 levels left

rFire    . . .     SeeInvis +   a - +4 giant spiked club (elec)
rCold    + . .     Gourm    +   (shield currently unavailable)
rNeg     . . .     Faith    .   z - +4 troll leather armour
rPois    .         Spirit   +   O - +2 hat {SInv}
rElec    .         Reflect  .   P - scarf {Spirit}
rCorr    +         Harm     .   (gloves unavailable)
MR       +....                  (boots unavailable)
Stlth    +++.......             f - amulet of rage
HPRegen  1.54/turn              H - ring of resist corrosion
MPRegen  0.17/turn              G - ring of the Rose {AC+3 Slay+2}

@: heroism
A: large, unfitting armour, claws 3, large bone plates 1, clever 1, cold
resistance 1, fast metabolism 3, gourmand, regeneration 2, shaggy fur 1, strong
1, tough skin 2
a: Heroism, Finesse, Renounce Religion, Evoke Berserk Rage


You were on level 2 of the Swamp.
You worshipped Okawaru.
Okawaru was extremely pleased with you.
You were completely stuffed.

You visited 5 branches of the dungeon, and saw 27 of its levels.

You collected 3289 gold pieces.
You spent 892 gold pieces at shops.

Inventory:

Hand Weapons
 a - a +4 giant spiked club of electrocution (weapon)
Missiles
 q - 33 large rocks (quivered)
 x - a throwing net
 A - 6 javelins
Armour
 z - a +4 troll leather armour (worn)
 O - a +2 hat of see invisible (worn)
 P - a scarf of spirit shield (worn)
Jewellery
 f - an amulet of rage (around neck)
 C - the ring "Tusethres" {Fire Str+3}
   (You found it on level 2 of the Lair of Beasts)

   [ring of fire]

   It enhances your fire magic.
   It affects your strength (+3).
   It protects you from fire.
   It makes you vulnerable to cold.
 G - the ring of the Rose (right claw) {AC+3 Slay+2}
   (You found it on level 6 of the Lair of Beasts)

   [ring of protection]

   It affects your AC (+3).
   It affects your accuracy and damage with ranged weapons and melee attacks
   (+2).
 H - a ring of resist corrosion (left claw)
 I - an uncursed ring of positive energy
 Q - an uncursed ring of ice
Wands
 b - a wand of flame (26)
 c - a wand of paralysis (25)
 g - a wand of disintegration (17)
 h - a wand of acid (13)
 k - a wand of polymorph (33)
 s - a wand of enslavement (27)
 y - a wand of iceblast (10)
Scrolls
 i - 17 scrolls of identify
 j - 2 scrolls of magic mapping
 l - 9 scrolls of teleportation
 m - 5 scrolls of blinking
 o - 4 scrolls of fear
 r - 17 scrolls of remove curse
 w - a scroll of holy word
 D - a scroll of enchant armour
 F - 6 scrolls of fog
 J - a scroll of amnesia
 M - a scroll of immolation
Potions
 d - a potion of cancellation
 e - 4 potions of ambrosia
 n - a potion of agility
 t - 6 potions of haste
 u - 5 potions of curing
 v - a potion of magic
 B - 3 potions of flight
Miscellaneous
 K - a box of beasts
Comestibles
 p - 50 rations


   Skills:
 + Level 7.3(12.3) Fighting
 + Level 19.2(24.2) Maces & Flails
 - Level 6.0(11.0) Throwing
 + Level 7.2(12.2) Armour
 + Level 7.3(12.3) Dodging
 - Level 1.0(6.0) Stealth
 + Level 7.3 Invocations
 + Level 7.2 Evocations


You had 15 spell levels left.
You didn't know any spells.
Your spell library contained the following spells:

 Spells                   Type           Power        Failure   Level  Hunger
 Animate Skeleton         Necr           N/A          43%         1    ##.....
 Apportation              Tloc           #.....       43%         1    ##.....
 Beastly Appendage        Tmut           #.....       43%         1    ##.....
 Confusing Touch          Hex            #.....       43%         1    ##.....
 Infusion                 Chrm           #...         43%         1    ##.....
 Magic Dart               Conj           #...         43%         1    ##.....
 Sandblast                Erth           #.....       43%         1    ##.....
 Sting                    Conj/Pois      #...         43%         1    ##.....
 Summon Small Mammal      Summ           #...         43%         1    ##.....
 Shroud of Golubria       Chrm/Tloc      #.........   56%         2    ###....
 Song of Slaying          Chrm           #.......     56%         2    ###....
 Sticks to Snakes         Tmut           #.......     56%         2    ###....
 Regeneration             Chrm/Necr      #.........   80%         3    ####...
 Spectral Weapon          Hex/Chrm       #.......     80%         3    ####...
 Spider Form              Tmut/Pois      #.........   80%         3    ####...
 Ice Form                 Ice/Tmut       #.......     99%         4    #####..
 Blade Hands              Tmut           #.........   100%        5    ######.


Dungeon Overview and Level Annotations

Branches:
Dungeon (15/15)            Temple (1/1) D:5            Lair (6/6) D:8
  Swamp (3/4) Lair:4       Spider (0/4) Lair:4        Slime (0/5) Lair:5
    Orc (2/2) D:11            Elf (0/3) Orc:2        Vaults (0/5) D:13
 Depths (0/5) D:15

Altars:
Ashenzari
Cheibriados
Dithmenos
Elyvilon
Fedhas
Gozag
Hepliaklqana
Kikubaaqudgha
Makhleb
Nemelex Xobeh
Okawaru
Qazlal
Ru
Trog
Uskayaw
Wu Jian
Xom
Yredelemnul
Zin
The Shining One
Beogh
Jiyva

Shops:
D:6 ?   D:7 *   D:9 *   D:11 [   D:14 *   Orc:1 :   Orc:2 ::(}

Portals:
Hell: Lair:6
Trove: D:10 (give +8 demon whip)

Annotations:
D:3 1 runed door, derval's ghost, amateur DsNe
Lair:1 exclusion: oklob plant
Lair:3 1 runed door, Pihasey's ghost, journeyman VSBe


Innate Abilities, Weirdness & Mutations

You are too large for most types of armour.
You have claws for hands.
Your metabolism is lightning-fast.
You like to eat raw meat.
You heal very quickly.
You are covered in fur. (AC +1)
You have very tough skin. (AC +2)
You are partially covered in large bone plates. (SH +4)
Your mind is acute. (Int +2)
Your flesh is cold resistant. (rC+)
Your muscles are strong. (Str +2)


Message History

The vampire mosquito bites you but does no damage.
The vampire mosquito closely misses you.
The vampire mosquito bites you but does no damage.
The tyrant leech bites you!
* * * LOW HITPOINT WARNING * * *
The tyrant leech draws strength from your injuries!
The vampire mosquito bites you.
* * * LOW HITPOINT WARNING * * *
The vampire mosquito draws strength from your injuries!
Unknown command.
You closely miss the tyrant leech.
The tyrant leech is heavily wounded.
The vampire mosquito closely misses you.
The vampire mosquito completely misses you.
The vampire mosquito misses you.
You gain the combat prowess of a mighty hero.
The vampire mosquito misses you. The vampire mosquito barely misses you.
The vampire mosquito closely misses you.
The tyrant leech bites you!!
You die...

≈≈≈≈≈.≈..≈≈.≈≈≈≈.....♣♣♣♣≈≈≈≈.≈≈≈
≈.≈≈≈≈≈≈≈≈≈...≈♣≈.....§≈♣.≈≈≈.≈≈≈
...≈≈.≈≈≈≈≈.≈≈≈♣≈.≈≈...≈..♣≈.(.≈.
..♣.≈..≈≈≈♣≈≈.≈.≈.≈≈...≈.≈≈≈.♣.≈.
.♣♣.≈≈>...≈≈≈.≈.≈≈♣≈.≈≈.≈≈≈≈...≈§
≈.........♣≈≈....≈≈≈.§≈≈≈≈≈≈.....
≈≈≈♣.♣♣♣......♣.......♣♣.≈≈≈.♣♣♣♣
≈...♣♣ ♣♣♣≈≈.≈§.y.♣♣♣..≈≈≈≈≈.♣♣
≈...♣ ♣≈≈≈.♣.@y♣♣♣♣...≈.≈≈.♣
.≈≈♣♣ ♣.♣≈≈.≈w..♣♣♣♣≈≈≈.≈≈.♣ ♣.♣♣
♣§.≈♣.≈....♣♣♣♣.§≈≈≈.♣ ..♣♣
♣≈≈♣♣.≈≈≈..≈♣♣♣.≈≈≈≈.♣ ...♣
♣≈≈♣♣♣≈≈≈..≈≈♣♣≈≈≈.≈.♣ ..♣♣ ♣≈)♣
♣♣.≈÷..≈..≈♣≈≈≈.♣ ≈≈♣ ♣..♣
♣≈≈♣....≈≈.≈.≈≈♣♣ ♣≈♣ ♣.≈♣
♣.≈§≈≈♣≈≈≈.≈.♣..♣ ≈≈♣♣ ♣≈≈♣
♣...≈.♣♣.≈≈.≈♣≈≈♣


You could see a tyrant leech and 2 vampire mosquitoes.

Vanquished Creatures
  Rupert (Lair:4)
  An entropy weaver (shapeshifter) (D:15)
  Azrael (D:13)
  An ettin (Orc:1)
  The ghost of Ablot the Thaumaturge, a journeyman GnSk of Okawaru (D:13)
  Fannar (Orc:1)
  14 hydras
  8 vault guards (D:13)
  Erica (D:8)
  4 ogre magi (Orc:2)
  5 centaur warriors
  17 two-headed ogres
  A tengu warrior (D:14)
  3 alligators (Swamp:2)
  2 orc high priests (Orc:1)
  8 death yaks (Lair:5)
  Sonja (Lair:2)
  A sun demon (Lair:6)
  4 unseen horrors
  An unseen horror (shapeshifter) (D:15)
  2 wizards
  A spriggan druid (Swamp:2)
  3 swamp dragons
  A glowing orange brain (D:15)
  Pikel (D:7)
  An orc knight (D:13)
  A deep elf mage (D:12)
  A wolf spider (D:8)
  12 ugly things
  6 cyclopes
  3 black mambas
  3 manticores
  A centaur zombie (D:15)
  13 elephants
  A gargoyle (D:14)
  3 orange demons
  17 spiny frogs
  5 komodo dragons
  2 kobold demonologists (D:15)
  A hellwing (Lair:6)
  2 rime drakes (Lair:6)
  A komodo dragon (shapeshifter) (D:15)
  2 ice devils (Lair:6)
  A queen bee (Lair:6)
  A red devil (Lair:6)
  9 trolls
  A meliai (shapeshifter) (D:15)
  2 polar bears (Lair:6)
  A jumping spider (Lair:4)
  2 hornets
  6 tyrant leeches
  Grinder (D:3)
  6 slime creatures (D:15)
  A bog body (Swamp:2)
  3 blink frogs (Lair:6)
  3 meliai (Lair:6)
  Prince Ribbit (D:8)
  2 dream sheep (Lair:5)
  7 hippogriffs
  4 spriggans
  5 shadows
  5 fire elementals (D:13)
  A yak (shapeshifter) (D:15)
  5 basilisks
  3 humans (Lair:5)
  37 yaks
  5 wargs
  3 hungry ghosts
  18 vampire mosquitoes
  Edmund (D:5)
  5 swamp worms
  5 insubstantial wisps (Swamp:2)
  2 acid dragons (D:15)
  14 water moccasins
  7 hell hounds
  9 porcupines
  19 orc warriors
  5 swamp drakes
  3 sky beasts
  5 ice beasts
  3 slaves (D:7)
  2 phantoms
  2 black bears
  2 eyes of draining
  34 ogres
  7 wolves
  16 centaurs
  7 crocodiles
  9 big kobolds
  Blork the orc (D:5)
  A wyvern zombie (D:13)
  7 bullfrogs
  A hornet simulacrum (D:15)
  A wyvern skeleton (D:10)
  The ghost of P0WERM0DE the Shield-Bearer, a weakling DDFi (D:4)
  A troll zombie (D:11)
  11 killer bees
  14 wights
  3 electric eels
  10 howler monkeys
  2 lava snakes (D:8)
  5 crimson imps
  3 quasits
  13 orc priests
  4 hounds
  2 centaur skeletons
  3 jellies
  4 bullfrog skeletons
  2 iguanas
  18 orc wizards
  Natasha (D:3)
  6 worker ants
  A killer bee zombie (D:7)
  7 ogre zombies (D:11)
  2 hound skeletons
  A worker ant zombie (D:4)
  Robin (D:3)
  7 gnolls
  9 adders
  4 shadow imps
  3 oozes
  An adder skeleton (D:8)
  7 worms
  A dart slug (D:1)
  3 leopard geckos
  70 orcs
  3 giant cockroaches
  18 goblins
  12 hobgoblins
  15 jackals
  42 kobolds
  5 quokkas
  7 bats
  9 frilled lizards
  A giant cockroach zombie (D:5)
  2 goblin skeletons (D:11)
  3 goblin zombies (D:11)
  2 hobgoblin skeletons (D:11)
  4 hobgoblin zombies (D:11)
  A jackal skeleton (D:7)
  A leopard gecko skeleton (D:6)
  An orc skeleton (D:11)
  13 orc zombies (D:11)
  A quokka skeleton (D:6)
  A quokka zombie (D:6)
  3 rats (D:1)
  A fungus (Lair:5)
825 creatures vanquished.

Vanquished Creatures (collateral kills)
  A bullfrog (D:9)
  An orc wizard (D:9)
  An orc (D:9)
  4 kobolds (D:9)
7 creatures vanquished.

Vanquished Creatures (others)
  A dream sheep (Lair:5)
  A human (Lair:5)
  An orc (D:13)
  5 plants
8 creatures vanquished.

Grand Total: 840 creatures vanquished

Notes
Turn   | Place    | Note
-------+----------+-------------------------------------------
     0 | D:1      | Rrauwl the Troll Monk began the quest for the Orb.
     0 | D:1      | Reached XP level 1. HP: 22/22 MP: 0/0
    84 | D:1      | Reached XP level 2. HP: 29/29 MP: 1/1
   179 | D:1      | Reached skill level 3 in Maces & Flails
   384 | D:1      | Reached XP level 3. HP: 28/36 MP: 2/2
  1015 | D:2      | Reached XP level 4. HP: 42/45 MP: 3/3
  1540 | D:3      | Gained mutation: You evolve. [potion of mutation]
  1540 | D:3      | Gained mutation: Your muscles are strong. (Str +2) [potion
                  | of mutation]
  1558 | D:3      | Found a runed door.
  1560 | D:3      | Noticed derval's ghost (amateur DsNe)
  1682 | D:3      | Noticed Grinder
  1702 | D:3      | Reached skill level 4 in Maces & Flails
  1722 | D:3      | Killed Grinder
  1722 | D:3      | Reached skill level 5 in Maces & Flails
  1722 | D:3      | Reached XP level 5. HP: 41/53 MP: 4/4
  1722 | D:3      | Reached XP level 6. HP: 47/61 MP: 5/5
  1730 | D:3      | Noticed Robin
  1757 | D:3      | Killed Robin
  1904 | D:3      | Found an opulent altar of Gozag.
  1972 | D:3      | Noticed Natasha
  1980 | D:3      | Killed Natasha
  1980 | D:3      | Reached skill level 6 in Maces & Flails
  2214 | D:4      | Noticed P0WERM0DE's ghost (weakling DDFi)
  2494 | D:4      | Reached XP level 7. HP: 61/67 MP: 6/6
  2617 | D:4      | Found a transporter.
  2661 | D:4      | Found a transporter.
  2706 | D:4      | Gained mutation: Your muscles are very strong. (Str +4)
                  | [evolution]
  2798 | D:4      | Killed P0WERM0DE's ghost
  2798 | D:4      | Reached skill level 7 in Maces & Flails
  2847 | D:4      | Lost dexterity.
  2960 | D:5      | Entered Level 5 of the Dungeon
  2998 | D:5      | Identified First Steps in Thaumaturgy
  3095 | D:5      | Found a staircase to the Ecumenical Temple.
  3095 | D:5      | Noticed Edmund
  3104 | D:5      | Killed Edmund
  3115 | D:5      | Noticed Blork the orc
  3124 | Temple   | Entered the Ecumenical Temple
  3141 | Temple   | Became a worshipper of Warmaster Okawaru
  3141 | Temple   | Reached * piety under Okawaru
  3141 | Temple   | Reached ** piety under Okawaru
  3198 | D:5      | Killed Blork the orc
  3198 | D:5      | Reached skill level 8 in Maces & Flails
  3305 | D:5      | Reached XP level 8. HP: 67/75 MP: 7/7
  3380 | D:5      | Found a blossoming altar of Fedhas.
  3390 | D:5      | Reached skill level 1 in Invocations
  3726 | D:6      | Found an iron altar of Okawaru.
  3912 | D:6      | Found a shimmering altar of Xom.
  3912 | D:6      | Found a shimmering altar of Xom.
  3919 | D:6      | Reached skill level 9 in Maces & Flails
  3923 | D:6      | Found a shimmering altar of Xom.
  3925 | D:6      | Found a shimmering altar of Xom.
  3927 | D:6      | Found a shimmering altar of Xom.
  3927 | D:6      | Found a shimmering altar of Xom.
  3927 | D:6      | Found a shimmering altar of Xom.
  4039 | D:6      | Found Yxkargh's Magic Scroll Boutique.
  4042 | D:6      | Bought a scroll of magic mapping for 45 gold pieces
  4042 | D:6      | Bought a scroll of enchant armour for 97 gold pieces
  4042 | D:6      | Bought a scroll of blinking for 97 gold pieces
  4042 | D:6      | Bought a scroll of identify for 26 gold pieces
  4042 | D:6      | Bought a scroll of fear for 45 gold pieces
  4469 | D:7      | Reached skill level 1 in Evocations
  4826 | D:7      | Noticed Pikel
  4909 | D:7      | Found a hide-covered altar of Uskayaw.
  4911 | D:7      | Noticed a dagger
  4911 | D:7      | Noticed an enchanted dagger
  4939 | D:7      | Killed Pikel
  4939 | D:7      | Reached *** piety under Okawaru
  4939 | D:7      | Reached skill level 10 in Maces & Flails
  4939 | D:7      | Reached XP level 9. HP: 50/81 MP: 7/10
  5178 | D:7      | Gained mutation: Your mind is acute. (Int +2) [evolution]
  5181 | D:7      | Found Kaip Gipt's General Store.
  5215 | D:7      | Bought a scroll of identify for 28 gold pieces
  5285 | D:8      | Noticed Erica
  5299 | D:8      | Killed Erica
  5299 | D:8      | Reached **** piety under Okawaru
  5299 | D:8      | Reached skill level 11 in Maces & Flails
  5343 | D:8      | Found a staircase to the Lair.
  5343 | D:8      | Noticed a komodo dragon
  5614 | D:8      | Killed a komodo dragon
  5622 | D:8      | Found an ornate altar of the Wu Jian Council.
  5729 | D:8      | Noticed Prince Ribbit
  5740 | D:8      | Killed Prince Ribbit
  5740 | D:8      | Reached XP level 10. HP: 91/91 MP: 11/11
  6077 | D:8      | Noticed a wolf spider
  6088 | D:8      | Killed a wolf spider
  6164 | Lair:1   | Entered Level 1 of the Lair of Beasts
  6195 | Lair:1   | Noticed a spiny frog
  6207 | Lair:1   | Killed a spiny frog
  6338 | Lair:1   | Noticed an oklob plant
  6349 | Lair:1   | Gained mutation: You are partially covered in large bone
                  | plates. (SH +4) [evolution]
  6463 | Lair:1   | Reached ***** piety under Okawaru
  6536 | Lair:1   | Found a basalt altar of Yredelemnul.
  6610 | Lair:1   | Noticed a spiny frog
  6621 | Lair:1   | Killed a spiny frog
  6621 | Lair:1   | Reached skill level 12 in Maces & Flails
  7402 | D:9      | Found Taleen's General Store.
  7409 | D:9      | Bought a scroll of holy word for 90 gold pieces
  7409 | D:9      | Bought a potion of heal wounds for 60 gold pieces
  7523 | D:9      | Found a stormy altar of Qazlal.
  7523 | D:9      | Found a basalt altar of Yredelemnul.
  7583 | D:9      | Gained mutation: You heal very quickly. [evolution]
  7661 | D:9      | Found a burning altar of Makhleb.
  7676 | D:9      | Noticed a centaur warrior
  7694 | D:9      | Killed a centaur warrior
  8111 | D:9      | Found a white marble altar of Elyvilon.
  8275 | D:10     | Entered Level 10 of the Dungeon
  8337 | D:10     | Reached XP level 11. HP: 92/101 MP: 6/13
  8773 | D:10     | Found a portal to a secret trove of treasure.
  9114 | D:11     | Gained mutation: Your flesh is cold resistant. (rC+)
                  | [evolution]
  9199 | D:11     | Noticed a two-headed ogre
  9204 | D:11     | Killed a two-headed ogre
  9204 | D:11     | Received a gift from Okawaru
  9204 | D:11     | Reached skill level 5 in Invocations
  9256 | D:11     | Noticed an unseen horror
  9262 | D:11     | Killed an unseen horror
  9262 | D:11     | Reached skill level 5 in Dodging
  9278 | D:11     | Reached skill level 5 in Fighting
  9422 | D:11     | Found Buiplum's Antique Armour Emporium.
  9432 | D:11     | Bought a cloak for 117 gold pieces
  9480 | D:11     | Reached skill level 5 in Evocations
  9544 | D:11     | Found a staircase to the Orcish Mines.
  9567 | D:11     | Reached skill level 13 in Maces & Flails
  9589 | D:11     | Noticed a purple ugly thing
  9592 | D:11     | Noticed a white ugly thing
  9604 | D:11     | Killed a purple ugly thing
  9619 | D:11     | Killed a white ugly thing
 10186 | D:12     | Noticed a deep elf mage
 10186 | D:12     | Noticed an unseen horror
 10211 | D:12     | Killed a deep elf mage
 10291 | D:12     | Killed an unseen horror
 10291 | D:12     | Reached skill level 14 in Maces & Flails
 10370 | D:12     | Noticed a purple ugly thing
 10387 | D:12     | Killed a purple ugly thing
 10392 | D:12     | Received a gift from Okawaru
 10507 | D:12     | Reached XP level 12. HP: 93/111 MP: 11/14
 11262 | Lair:2   | Noticed Sonja
 11271 | Lair:2   | Killed Sonja
 11271 | Lair:2   | Reached skill level 1 in Throwing
 11300 | Lair:2   | Reached skill level 1 in Armour
 11305 | Lair:2   | Noticed a four-headed hydra
 11314 | Lair:2   | Killed a four-headed hydra
 11351 | Lair:2   | Got a vibrating iron ring
 11353 | Lair:2   | Identified the ring "Tusethres" {Fire Str+3} (You found it
                  | on level 2 of the Lair of Beasts)
 11480 | Lair:2   | Noticed a five-headed hydra
 11485 | Lair:2   | Killed a five-headed hydra
 12194 | Lair:3   | Found a runed door.
 12194 | Lair:3   | Noticed Pihasey's ghost (journeyman VSBe)
 12194 | Lair:3   | Noticed a catoblepas
 12645 | Lair:4   | Found a hole to the Spider Nest.
 12783 | Lair:4   | Found a staircase to the Swamp.
 12997 | Lair:4   | Noticed a four-headed hydra
 13005 | Lair:4   | Killed a four-headed hydra
 13120 | Lair:4   | Noticed Rupert
 13139 | Lair:4   | Killed Rupert
 13139 | Lair:4   | Reached XP level 13. HP: 103/120 MP: 13/16
 13649 | Lair:5   | Received a gift from Okawaru
 13680 | Lair:5   | Found a viscous altar of Jiyva.
 13681 | Lair:5   | Found a staircase to the Slime Pits.
 13787 | Lair:5   | Reached skill level 15 in Maces & Flails
 14175 | Lair:5   | Reached skill level 5 in Throwing
 14178 | Lair:5   | Reached ****** piety under Okawaru
 14178 | Lair:5   | Received a gift from Okawaru
 14196 | Lair:5   | Reached skill level 5 in Armour
 14531 | Lair:6   | Entered Level 6 of the Lair of Beasts
 14697 | Lair:6   | Received a gift from Okawaru
 14701 | Lair:6   | Reached XP level 14. HP: 122/130 MP: 17/17
 14803 | Lair:6   | Reached skill level 16 in Maces & Flails
 15531 | Lair:6   | Found a burning altar of Makhleb.
 15594 | Lair:6   | Found a gateway to Hell.
 15602 | Lair:6   | Got a slimy iron ring
 15604 | Lair:6   | Identified the ring of the Rose {AC+3 Slay+2} (You found it
                  | on level 6 of the Lair of Beasts)
 15666 | Lair:6   | Reached skill level 17 in Maces & Flails
 15977 | D:13     | Received a gift from Okawaru
 16024 | D:13     | Noticed Azrael
 16043 | D:13     | Killed Azrael
 16157 | D:13     | Found a gate to the Vaults.
 16301 | D:13     | Noticed Ablot's ghost (journeyman GnSk)
 16308 | D:13     | Found a runed gate.
 16308 | D:13     | Found a runed gate.
 16313 | D:13     | Found a runed gate.
 16414 | D:13     | Lost mutation: Your muscles are very strong. (Str +4)
                  | [evolution]
 16414 | D:13     | Lost mutation: You evolve. [end of evolution]
 16838 | D:13     | Found a roughly hewn altar of Beogh.
 16866 | D:13     | Reached skill level 18 in Maces & Flails
 16882 | D:13     | Killed Ablot's ghost
 16926 | D:13     | Got a scorched hat
 16937 | D:13     | Identified the cursed +0 hat "Jaentele" {rCorr Dex+3} (You
                  | found it on level 13 of the Dungeon)
 17009 | D:14     | Found Jiysiugh's Assorted Antiques.
 17020 | D:14     | Bought a scroll of blinking for 187 gold pieces
 17020 | D:14     | Bought a twisted glass wand for 100 gold pieces
 17338 | D:14     | Reached XP level 15. HP: 110/136 MP: 15/18
 17409 | D:14     | Received a gift from Okawaru
 17570 | D:15     | Entered Level 15 of the Dungeon
 17791 | D:15     | Received a gift from Okawaru
 18241 | D:15     | Found a staircase to the Depths.
 18843 | Orc:1    | Entered Level 1 of the Orcish Mines
 18903 | Orc:1    | Found Oqur's Book Emporium.
 19284 | Orc:1    | Noticed Fannar
 19308 | Orc:1    | Killed Fannar
 19484 | Orc:2    | Entered Level 2 of the Orcish Mines
 19765 | Orc:2    | Received a gift from Okawaru
 19916 | Orc:2    | Reached skill level 19 in Maces & Flails
 19930 | Orc:2    | Reached XP level 16. HP: 50/149 MP: 5/20
 20022 | Orc:2    | Found Ranecoh's Book Emporium.
 20022 | Orc:2    | Found Dupsaus's Book Boutique.
 20023 | Orc:2    | Found Epoal's Gadget Shop.
 20023 | Orc:2    | Found Fekojato's Antique Weapon Emporium.
 20291 | Orc:2    | Found a staircase to the Elven Halls.
 20555 | Swamp:1  | Entered Level 1 of the Swamp
 21181 | Swamp:2  | Received a gift from Okawaru
 21546 | Swamp:2  | Received a gift from Okawaru
 21829 | Swamp:2  | Received a gift from Okawaru
 22051 | Swamp:2  | Mangled by a tyrant leech

Vault maps used:
D:1:      nzn_arrival_settlement, minmay_lizard_king
D:2:      first_ration
D:3:      marbit_many_paths, ebering_ghost_sewer_d, uniq_natasha, uniq_robin,
          uniq_grinder
D:4:      gammafunk_ghost_stat_death
D:5:      kennysheep_mini_moat, temple_pool_b, uniq_blork_the_orc, uniq_edmund
D:6:      nicolae_xom_altar_mimics, serial_shops, nicolae_shop_behind_doors,
          okawaru_metal_pillars_3
D:7:      dancing_weapons_uskayaw, serial_shops, shop, uniq_pikel
D:8:      old_standard_altar, david_lair_shrubbed, the_bakery,
          minmay_misc_feat_nine_boxes, kennysheep_cross_room,
          kennysheep_just_a_vault, uniq_erica, uniq_prince_ribbit1
D:9:      lemuel_coloured_pillars_altar, bloody_makhleb,
          gammafunk_temple_overflow_wave, serial_shops, shop
D:10:     nicolae_trove_entry_diagonal
D:11:     zombieorc2_lemuel, serial_shops, shop
D:13:     kennysheep_demon_hangout, erik_vaults_2, biasface_ghost_orc_armoury,
          uniq_azrael
D:14:     serial_shops, shop
D:15:     gammafunk_enter_depths_forms, hangedman_decor_riveting
Temple:   cyrus_circular_temple
Lair:1:   nicolae_lair_grove_arrangements, lemuel_oklob_altar
Lair:2:   uniq_sonja
Lair:3:   ebering_ghost_inner_flame
Lair:4:   minmay_swamp_entry_swarm, spider_nest_entry_rubble,
          grunt_megastairs_4, infiniplex_staircase_pool_2, uniq_rupert
Lair:5:   slaughterhouse, slime_altar_1, small_statue_intersection,
          serial_bayou_ford_a, hangedman_lair_unloving_vines,
          beast_lair_carwin_8
Lair:6:   evil_forest, special_room
Swamp:1:  evilmike_swamp_ruin_house_1
Swamp:2:  hangedman_swamp_cone, swamp_pool1, infiniplex_staircase_pool
Swamp:3:  evilmike_swamp_ruin_rubble_2
Orc:1:    serial_shops, nicolae_shop_competitors_out_of_business,
          mines_bat_river, uniq_fannar
Orc:2:    st_orc_ogre_mass, mines2_lemuel

Skill      XL: |  1  2  3  4  5  6  7  8  9 10 11 12 13 14 15 |
---------------+----------------------------------------------+-----
Maces & Flails | 3 5 6 8 10 11 12 14 15 18 19 | 19.2
Dodging        | 3 4 5 6 7 |  7.3
Fighting       | 3 4 5 6 7 |  7.3
Invocations    | 3 4 5 6 7 |  7.3
Evocations     | 3 4 5 6 7 |  7.2
Throwing       | 3 6 |  6.0
Armour         | 3 6 7 |  7.2
Stealth        | |  1.0

Action                   |  1- 3 |  4- 6 |  7- 9 | 10-12 | 13-15 | 16-18 || total
-------------------------+-------+-------+-------+-------+-------+-------++-------
Melee: Mace              |   124 |     4 |       |       |       |       ||   128
       Whip              |     6 |       |   106 |   330 |       |       ||   442
       Morningstar       |       |   118 |   307 |       |       |       ||   425
       Punch             |       |       |       |     6 |       |       ||     6
       Dire flail        |       |       |       |   456 |       |       ||   456
       Giant spiked club |       |       |       |     2 |   996 |   189 ||  1187
Throw: Javelin           |       |       |       |     3 |    17 |       ||    20
       Throwing net      |       |       |       |     2 |       |       ||     2
       Large rock        |       |       |       |     1 |     8 |       ||     9
Invok: Heroism           |       |       |     6 |    34 |    36 |    10 ||    86
       Finesse           |       |       |       |     1 |     1 |       ||     2
 Abil: Evoke Berserk Rag |       |       |     1 |     4 |       |       ||     5
Evoke: Wand              |       |       |       |     7 |     1 |       ||     8
  Use: Scroll            |     2 |     3 |     7 |     9 |     1 |     3 ||    25
       Potion            |     1 |     9 |     2 |     6 |     4 |     2 ||    24
 Stab: Sleeping          |     3 |     1 |     1 |     2 |     1 |       ||     8
       Held in net/web   |       |       |       |     1 |       |       ||     1
  Eat: Chunk             |    15 |    14 |    31 |    74 |    70 |    21 ||   225
Armor: Robe              |    52 |    33 |   173 |    23 |       |       ||   281
       Troll leather arm |       |       |       |    84 |   324 |    60 ||   468
Dodge: Dodged            |    72 |    62 |   239 |   286 |   568 |   116 ||  1343
Block: Other             |       |       |       |    64 |   145 |    23 ||   232

Table legend:
 A = Non-vault XP
 B = Vault XP
 C = Vault XP percentage of total XP
 D = Non-vault monster count
 E = Vault monster count
 F = Vault count percentage of total count
                 A         B        C        D         E       F
            +---------+---------+-------+---------+---------+-------
      Total |   97962 |   71705 |  42.3 |     589 |     239 |  28.9
            +---------+---------+-------+---------+---------+-------
        D:1 |      58 |       9 |  13.4 |      28 |       7 |  20.0
        D:2 |      49 |       0 |   0.0 |      12 |       0 |   0.0
        D:3 |      30 |     355 |  92.2 |       9 |      15 |  62.5
        D:4 |     299 |     158 |  34.6 |      17 |       3 |  15.0
        D:5 |     564 |     236 |  29.5 |      14 |       2 |  12.5
        D:6 |     301 |       0 |   0.0 |      14 |       0 |   0.0
        D:7 |     802 |     629 |  44.0 |      29 |       1 |   3.3
        D:8 |     763 |    2353 |  75.5 |      26 |       5 |  16.1
        D:9 |    1938 |       0 |   0.0 |      32 |       0 |   0.0
       D:10 |    1689 |       0 |   0.0 |      24 |       0 |   0.0
       D:11 |    4472 |     766 |  14.6 |      34 |      36 |  51.4
       D:12 |    5021 |       0 |   0.0 |      25 |       0 |   0.0
       D:13 |    3918 |   13569 |  77.6 |      17 |      34 |  66.7
       D:14 |    8840 |       0 |   0.0 |      25 |       0 |   0.0
       D:15 |   14748 |    4685 |  24.1 |      53 |       8 |  13.1
     Lair:1 |    2161 |       0 |   0.0 |      10 |       0 |   0.0
     Lair:2 |    4082 |     807 |  16.5 |      11 |       1 |   8.3
     Lair:3 |    5276 |       0 |   0.0 |      23 |       0 |   0.0
     Lair:4 |    2631 |    3766 |  58.9 |       8 |       7 |  46.7
     Lair:5 |    6370 |   13289 |  67.6 |      25 |      33 |  56.9
     Lair:6 |   11213 |   10980 |  49.5 |      27 |      37 |  57.8
    Swamp:1 |    2305 |       0 |   0.0 |       7 |       0 |   0.0
    Swamp:2 |   11219 |       0 |   0.0 |      33 |       0 |   0.0
    Swamp:3 |    1706 |       0 |   0.0 |       4 |       0 |   0.0
      Orc:1 |    5343 |     980 |  15.5 |      37 |       8 |  17.8
      Orc:2 |    2164 |   19123 |  89.8 |      45 |      42 |  48.3
            +---------+---------+-------+---------+---------+-------
